 Dungeon Crawl Stone Soup version 0.27-a0-1416-g941b2bd30b (webtiles) character file.

Game seed: 5400289693283031753

866 pyrow613 the Gusty (level 7, 56/56 HPs)
             Began as a Demigod Air Elementalist on July 1, 2021.
             Got out of the dungeon alive.
             The game lasted 00:18:11 (5234 turns).

pyrow613 the Gusty (Demigod Air Elementalist)       Turns: 5234, Time: 00:18:12

Health: 56/56      AC: 12    Str: 13    XL:     7   Next: 44%
Magic:  15/15      EV:  5    Int: 21    God:
Gold:   234        SH:  4    Dex: 14    Spells: 9/12 levels left

rFire    . . .     SeeInvis .   a - +4 dagger (flame)
rCold    . . .     Faith    .   j - +0 buckler
rNeg     . . .     Spirit   .   B - +3 chain mail
rPois    .         Reflect  .   (no helmet)
rElec    .         Harm     .   h - +0 cloak
rCorr    .         Rampage  .   (no gloves)
Will     +....                  (no boots)
Stlth    ..........             (no amulet)
HPRegen  0.18/turn              u - ring of willpower
MPRegen  0.14/turn              (no ring)

@: no status effects
A: high mp 1, forlorn
a: no special abilities


You escaped.
You visited 1 branch of the dungeon, and saw 6 of its levels.

You collected 234 gold pieces.

Inventory:

Hand Weapons
 a - a +4 dagger of flaming (weapon)
 b - a +0 hunting sling
Missiles
 c - 164 stones
 n - 28 poisoned darts
 o - 7 atropa-tipped darts
 x - 25 sling bullets
Armour
 h - a +0 cloak (worn)
 j - a +0 buckler (worn)
 y - a +0 leather armour
 A - a +0 kite shield
 B - a +3 chain mail (worn)
Jewellery
 g - an amulet of guardian spirit
 u - a ring of willpower (left hand)
Wands
 v - a wand of flame (19)
Scrolls
 d - a scroll of magic mapping {unknown}
 f - 2 scrolls of teleportation {unknown}
 k - 4 scrolls of identify {unknown}
 p - 2 scrolls of fog {unknown}
 q - 4 scrolls of enchant armour {unknown}
 r - a scroll of noise {unknown}
 s - a scroll of holy word {unknown}
 w - a scroll of vulnerability {unknown}
Potions
 e - a potion of magic {unknown}
 i - 2 potions of curing {unknown}
 l - a potion of mutation {unknown}
 m - 3 potions of haste {unknown}
 t - a potion of attraction {unknown}
 z - a potion of lignification {unknown}


   Skills:
 + Level 2.6 Fighting
 - Level 0.2 Slings
 - Level 1.9 Dodging
 - Level 2.0 Stealth
 + Level 2.4 Shields
 + Level 3.2 Spellcasting
 * Level 4.1 Conjurations
 * Level 5.1 Air Magic


You had 9 spell levels left.
You knew the following spells:

 Your Spells              Type           Power      Damage    Failure   Level
a - Shock                 Conj/Air       88%        1d8       65%         1
b - Poisonous Vapours     Pois/Air       28%        N/A       97%         2

Your spell library contained the following spells:

 Spells                   Type           Power      Damage    Failure   Level
 Static Discharge         Conj/Air       22%        N/A       80%         2
 Swiftness                Air            24%        N/A       91%         3
 Sting                    Tmut/Pois      12%        1d3       99%         1
 Ozocubu's Armour         Ice            3%         N/A       100%        3
 Airstrike                Air            12%        N/A       100%        4
 Cause Fear               Hex            1%         N/A       100%        4
 Olgreb's Toxic Radiance  Pois           3%         N/A       100%        4
 Lightning Bolt           Conj/Air       11%        1d24      100%        5
 Metabolic Englaciation   Hex/Ice        1%         N/A       100%        5
 Simulacrum               Ice/Necr       1%         N/A       100%        6
 Dragon Form              Tmut           1%         N/A       100%        7
 Ignition                 Fire           1%         3d3       100%        8
 Dragon's Call            Summ           1%         N/A       100%        9


Dungeon Overview and Level Annotations

Branches:
Dungeon (6/15)
 Temple: D:4-7


Innate Abilities, Weirdness & Mutations

Your attributes grow dramatically as you level up.
You have an increased reservoir of magic. (+10% MP)
You shall have no god before yourself.


Message History

There is an open door here.
Found a shiny chain mail.
You see here a +3 chain mail.
B - a +3 chain mail You start removing your armour.
You continue taking off your +0 leather armour. x4
You finish taking off your +0 leather armour.
You start putting on your armour.
You continue putting on your +3 chain mail. x5
You finish putting on your +3 chain mail.
Unknown command.
Okay, then.
Casting: Poisonous Vapours (quite dangerous; 97% risk of failure)
Confirm with . or Enter, or press ? or * to list all spells.
Okay, then.
Unknown command.
(D) Dungeon
Where to? (Enter - D:5 @ (x,y), ? - help)
What level of the Dungeon? (default 1, ? - help)
There is an open door here.
You see here a scorpion corpse.
There is a stone staircase leading up here.
You climb upwards.
There is a stone staircase leading down here.
There is a stone staircase leading up here.
You climb upwards.
There is a stone staircase leading down here.
There is a stone staircase leading up here.
You climb upwards.
There is a stone staircase leading down here.
There is a stone staircase leading up here.
You climb upwards.
There is a stone staircase leading down here.
There is a stone staircase leading up here.
You climb upwards.
There is a stone staircase leading down here.
There is an open door here.
There is a staircase leading out of the dungeon here.
Are you sure you want to leave the Dungeon?
This will make you lose the game!
You have escaped!

#........#.#.###.##........#..
####...###..........##........#.#
...........#...#'#####........#>#
..........###..#.##..............
...........#...#.##.##.......##.#
####...#.#.....#.#..##.......##.#
#........####.#####.......##..
#...#.######...#####.#########
#...#..'.....@.....'.# ####
####.######.........#### #...
#.......# ##.......##########.##
#.......## ##.....## #........#
#........# ##...## ##########
#........# ##.## #........# ####
#.......## ##.# ##.......# #..#


There were no monsters in sight!

Vanquished Creatures
  3 ogres
  A phantom (D:5)
  2 scorpions
  A water moccasin zombie (D:5)
  3 hounds
  A jelly (D:5)
  A centaur skeleton (D:4)
  An iguana (D:4)
  A hound zombie (D:5)
  A hound skeleton (D:2)
  3 gnolls (D:5)
  4 adders
  2 ufetubi
  An adder zombie (D:5)
  3 worms
  A dart slug (D:4)
  2 orcs
  4 ball pythons
  4 bats
  4 endoplasms
  2 giant cockroaches (D:1)
  8 goblins
  7 hobgoblins
  10 jackals
  8 kobolds
  4 frilled lizards
  3 rats
85 creatures vanquished.

Vanquished Creatures (others)
  A ball python (D:4)
1 creature vanquished.

Grand Total: 86 creatures vanquished

Notes
Turn   | Place    | Note
-------+----------+-------------------------------------------
     0 | D:1      | pyrow613 the Demigod Air Elementalist began the quest for
                  | the Orb.
     0 | D:1      | Reached XP level 1. HP: 14/14 MP: 5/5
   286 | D:1      | Reached XP level 2. HP: 20/20 MP: 7/7
   307 | D:1      | Reached skill level 3 in Air Magic
   322 | D:1      | Reached skill level 1 in Conjurations
  1074 | D:2      | Learned a level 2 spell: Poisonous Vapours
  1213 | D:2      | Reached XP level 3. HP: 21/27 MP: 8/8
  2244 | D:3      | Reached XP level 4. HP: 31/34 MP: 9/9
  2870 | D:4      | Reached skill level 1 in Fighting
  2975 | D:4      | Noticed an ogre
  3000 | D:4      | Killed an ogre
  3001 | D:4      | Reached skill level 1 in Shields
  3001 | D:4      | Reached XP level 5. HP: 38/40 MP: 3/11
  3153 | D:4      | Reached skill level 4 in Air Magic
  3200 | D:4      | Noticed an ogre
  3234 | D:4      | Killed an ogre
  3235 | D:4      | Reached XP level 6. HP: 48/48 MP: 3/12
  3926 | D:5      | Entered Level 5 of the Dungeon
  4250 | D:5      | Identified the +0 tower shield of Pytylari {rF- rN+ Str+6
                  | SInv}
  4254 | D:5      | Reached XP level 7. HP: 15/56 MP: 1/14
  4895 | D:5      | Reached skill level 5 in Air Magic
  5234 | D:$      | Got out of the dungeon alive.

Illustrated notes

Levels and vault maps discovered:
D:1:      mrwooster_arrival_arrow, layout_loops_cross,
          hellmonk_ecumenical_altar_blasted
D:2:      layout_basic
D:3:      layout_loops_ring, nicolae_sif_muna_condensation,
          lemuel_coloured_pillars_altar, st_stairs_6
D:4:      layout_cave_pools, minmay_surrounded
D:5:      layout_cave_pools
D:6:      layout_basic, bloody_trog, kennysheep_mini, old_standard_altar,
          serial_bayou_pond_e, uniq_edmund, uniq_blork_the_orc

Skill      XL: |  1  2  3  4  5  6  7 |
---------------+----------------------+-----
Stealth        | 2 |  2.0
Air Magic      | 3 4 5 |  5.1
Conjurations   | 1 2 3 4 |  4.1
Spellcasting   | 2 3 |  3.2
Fighting       | 1 2 |  2.6
Shields        | 1 2 |  2.4
Slings         | |  0.2
Dodging        | |  1.9

Action                   |  1- 3 |  4- 6 |  7- 9 || total
-------------------------+-------+-------+-------++-------
Melee: Dagger            |    13 |    61 |    26 ||   100
 Fire: Hunting sling     |   105 |    38 |     7 ||   150
 Cast: Shock             |    20 |    23 |     4 ||    47
       Poisonous Vapours |       |    21 |     4 ||    25
 Stab: Sleeping          |     2 |     3 |       ||     5
Armor: Robe              |     8 |    16 |       ||    24
       Leather armour    |       |     7 |     5 ||    12
Dodge: Dodged            |    37 |    67 |    11 ||   115
Block: Buckler           |       |    11 |     8 ||    19

Table legend: (Time is in decaauts)
 A = Elapsed time spent in this place.
 B = Non-inter-level travel time spent in this place.
 C = Inter-level travel time spent in this place.
 D = Time resting spent in this place.
 E = Time spent auto-exploring this place.
 F = Levels seen in this place.
 G = Mean time per level.
                   A        B        C        D        E       F      G
               +--------+--------+--------+--------+--------+-----+--------+
         Total |   5246 |   5059 |    187 |    896 |   3256 |   6 |  874.3 |
       Dungeon |   5246 |   5059 |    187 |    896 |   3256 |   6 |  874.3 |
               +--------+--------+--------+--------+--------+-----+--------+

Top non-repeatable levels by time:
     D:5: 1165 daAuts
     D:4: 1108 daAuts
     D:1: 1086 daAuts
     D:2: 924 daAuts
     D:3: 869 daAuts
     D:6: 91 daAuts
